Cogmind - Beta 13 @@@ ROGUE MODE // 2024.06.16 @ 15:48:04 Player: s0lid Result: Destroyed by D-53 Grenadier with Mini Grenade Launcher Performance ------------- Evolutions (0) 0 Regions Visited (2) 400 Robots Destroyed (17) 85 Value Destroyed (381) 381 Prototype IDs (0) 0 Alien Tech Used (0) 0 Bonus (-192) -192 TOTAL SCORE: 674 Bonus ------- Friendly Fire -192 Cogmind --------- Core Integrity 0/250 Matter 154/300 Energy 125/125 System Corruption 0% Temperature Cool (0) Movement Walking (260) Ox2 Location -10/Mines Parts ------- > --- POWER (1) -------- Light Ion Engine > --- PROPULSION (2) --- Aluminum Leg > --- UTILITY (2) ------ Large Storage Unit Improved Terrain Scanner > --- WEAPON (2) ------- (None) > --- INVENTORY (15) --- Light Ion Engine Improved Heat Sink Small Storage Unit High-capacity Battery (250) High-capacity Matter Pod (0) Seismic Detector Beam Rifle Assault Rifle Grenade Launcher Rocket Launcher Mini Grenade Launcher Datajack Mining Laser Peak State ------------ > --- POWER ------------ Ion Engine > --- PROPULSION ------- Wheel Compact Wheel > --- UTILITY ---------- Large Storage Unit Improved Terrain Scanner > --- WEAPON ----------- Beam Rifle Rocket Launcher > --- INVENTORY -------- Light Ion Engine Light Ion Engine Aluminum Leg Improved Heat Sink Small Storage Unit High-capacity Battery High-capacity Matter Pod Seismic Detector Beam Rifle Assault Rifle Grenade Launcher Rocket Launcher Mini Grenade Launcher Datajack Mining Laser [Rating: 13] Favorites ----------- Power Ion Engine Engine Ion Engine Propulsion Wheel Leg Aluminum Leg Wheel Wheel Utility Seismic Detector Device Seismic Detector Storage Large Storage Unit Weapon Assault Rifle Energy Gun Beam Rifle Ballistic Gun Assault Rifle Launcher Grenade Launcher Build | -11 -10 -10 ------- Run | Yrd Mat Min Slots Evolved . | . . . Power . | . . . Propulsion . | . . . Utility . | . . . Weapon . | . . . Parts Attached 24 | 9 11 4 Power 4 | 1 2 1 Engine 4 | 1 2 1 Core . | . . . Reactor . | . . . Propulsion 5 | 3 1 1 Treads . | . . . Leg 1 | . . 1 Wheel 4 | 3 1 . Hover . | . . . Flight . | . . . Utility 7 | 3 2 2 Device 4 | 2 . 2 Storage 3 | 1 2 . Processor . | . . . Hackware . | . . . Protection . | . . . Artifact . | . . . Weapon 8 | 2 6 . Energy Gun 3 | 1 2 . Energy Cannon . | . . . Ballistic Gun 1 | 1 . . Ballistic Cannon . | . . . Launcher 4 | . 4 . Special Weapon . | . . . Impact Weapon . | . . . Slashing Weapon . | . . . Piercing Weapon . | . . . Special Melee Weapon . | . . . Unidentified Prototypes . | . . . Parts Lost 6 | . 1 5 Power 1 | . . 1 Propulsion 3 | . 1 2 Utility . | . . . Weapon 2 | . . 2 Highest Loss Streak 5 | . 1 5 To Critical Strikes . | . . . Average Slot Usage (%) 98 | . 100 94 Engine 14 | . 14 14 Wheel 26 | . 28 24 Device 15 | . 16 14 Storage 12 | . 11 14 Energy Gun 6 | . 5 11 Ballistic Gun 8 | . 11 . Launcher 11 | . 11 14 Naked Turns . | . . . Heaviest Build 33 | 13 33 33 Greatest Support 26 | 26 26 26 Greatest Overweight (x) 2 | . 1 2 Average Overweight (x) . | . . 1 Largest Inventory Capacity 15 | 8 15 15 Average Capacity 11 | 5 12 15 Most Carried 15 | 5 15 15 Average Carried 9 | 2 9 14 Final Capacity 15 | 5 15 15 Final Carried 15 | 5 15 13 Class Distribution -------------------- 100% | Mutant Dominant Class ---------------- Mutant | -10/Materials Mutant | -10/Mines Resources | -11 -10 -10 ----------- Run | Yrd Mat Min Matter Collected 499 | 304 39 156 Remotely . | . . . Salvage Created 507 | 133 228 146 Parts 32 | 11 14 7 Haulers Intercepted . | . . . Recyclers Shooed . | . . . Parts Field Recycled . | . . . Retrieved Matter . | . . . Parts Self-Destructed . | . . . Prevented . | . . . Kills | -11 -10 -10 ------- Run | Yrd Mat Min Combat Hostiles Destroyed 23 | . 8 15 Guns 4 | . 3 1 AOE 19 | . 5 14 Classes Destroyed 7 | 2 3 2 Tunneler 4 | 3 1 . Recycler 1 | 1 . . Watcher 1 | . 1 . Swarmer 2 | . 2 . Grunt 8 | . 6 2 Assembled 13 | . . 13 Guerrilla 1 | . . 1 Best Kill Streak 13 | 3 6 13 Combat Bots Only 13 | . 4 13 Max Kills in Single Turn 3 | 2 2 3 Gunslinging . | . . . Exploded 3 | . 2 3 Melee . | . . . Uniques/NPCs Destroyed . | . . . Combat | -11 -10 -10 -------- Run | Yrd Mat Min Hostile Shots Fired 64 | . 26 38 Missed 26 | . 9 17 Damage Taken 747 | . 229 518 Core 254 | . 12 242 Absorbed by Shields . | . . . Core Remaining (%) 100 | 100 . . Volleys Fired 40 | 8 21 11 Largest 2 | 2 2 2 Hottest 89 | 60 76 89 Shots Fired 62 | 16 31 15 Gun 48 | 16 25 7 Cannon . | . . . Launcher 14 | . 6 8 Special . | . . . Kinetic 29 | 8 21 . Thermal 19 | 8 4 7 Explosive 14 | . 6 8 Electromagnetic . | . . . Robot Hit Streak 8 | 8 4 4 Robot Miss Streak 6 | 1 5 6 Penetration Max . | . . . Secondary Targets . | . . . Shots Hit Robots 34 | 12 14 8 Core Hits 51 | 5 16 30 Critical Kills . | . . . Critical Parts Destroyed . | . . . Critical Strikes 1 | . . 1 Burn 1 | . . 1 Melee Attacks . | . . . Impact . | . . . Slashing . | . . . Piercing . | . . . Sneak Attacks . | . . . Combat Hostiles . | . . . Follow-up Attacks . | . . . Damage Inflicted 2067 | 157 701 1209 Guns 367 | 157 154 56 Cannons . | . . . Explosions 1700 | . 547 1153 Melee . | . . . Ramming . | . . . Kinetic 205 | 80 125 . Thermal 162 | 77 29 56 Explosive 1700 | . 547 1153 Electromagnetic . | . . . Impact . | . . . Slashing . | . . . Piercing . | . . . Highest Corruption . | . . . Average Corruption . | . . . Corruption Purged . | . . . Corruption Blocked . | . . . Overload Shots . | . . . Overflow Damage 2 | . . 2 Projectiles . | . . . Explosions 2 | . . 2 Melee . | . . . Knockbacks . | . . . Impact . | . . . Kinetic . | . . . Secondary . | . . . Self-Inflicted Damage 76 | . . 76 Shots 4 | . . 4 Rammed . | . . . Targets Rammed . | . . . Kicked . | . . . Crushed . | . . . Highest Temperature 107 | . 107 84 Average Temperature 47 | . 48 47 Received Heat Transfer 161 | . 126 35 Siege Activations . | . . . Robots Corrupted . | . . . Combat Hostiles . | . . . Parts Fried . | . . . Impact Corruptions . | . . . Robots Melted . | . . . Combat Hostiles . | . . . Parts Melted . | . . . Heat Transferred 471 | 175 74 222 Parts Sabotaged . | . . . Parts Stolen . | . . . Parts Stripped . | . . . Power Chain Reactions . | . . . Alert | -11 -10 -10 ------- Run | Yrd Mat Min Peak Influence 250 | 20 250 191 Initial 97 | . 13 97 Average 106 | 6 114 169 Maximum Alert Level 1 | . 1 . Low Security (%) 81 | 100 68 100 Level 1 18 | . 31 . Level 2 . | . . . Level 3 . | . . . Level 4 . | . . . Level 5 . | . . . High Security . | . . . Max Security . | . . . Squads Dispatched 1 | . 1 . Investigation 1 | . 1 . Extermination . | . . . Reinforcement . | . . . Assault . | . . . Garrison . | . . . Intercept . | . . . Searches Triggered . | . . . Construction Impeded . | . . . Haulers Reinforced . | . . . Active Scanning Responses . | . . . Cargo Convoy Interrupts . | . . . Stealth | -11 -10 -10 --------- Run | Yrd Mat Min Distress Signals 1 | . 1 . Communications Jammed . | . . . Distress Signals . | . . . Times Spotted 33 | . 10 23 Peak Tracking Total 19 | . 4 19 Tactical Retreats 1 | . . 1 Traps | -11 -10 -10 ------- Run | Yrd Mat Min Traps Triggered 1 | . 1 . Indirectly . | . . . Trap Hack Attempts . | . . . Triggered . | . . . Disarmed . | . . . Reprogrammed . | . . . Reused . | . . . Traps Extracted . | . . . Installed . | . . . Triggered . | . . . Machines | -11 -10 -10 ---------- Run | Yrd Mat Min Machines Disabled . | . . . Max in Single Turn . | . . . Machines Repaired . | . . . Machines Dismantled . | . . . Machines Sabotaged . | . . . Overloaded Fab Kills . | . . . Hacking | -11 -10 -10 --------- Run | Yrd Mat Min Machines Accessed 2 | . 2 . Terminals 1 | . 1 . Fabricators . | . . . Repair Stations . | . . . Recycling Units 1 | . 1 . Scanalyzers . | . . . Garrison Access . | . . . Total Hacks 2 | . 2 . Successful 1 | . 1 . Failed 1 | . 1 . Catastrophic 1 | . 1 . Database Lockouts . | . . . Manual 2 | . 2 . Terminals 1 | . 1 . Fabricators . | . . . Repair Stations . | . . . Recycling Units 1 | . 1 . Scanalyzers . | . . . Garrison Access . | . . . Terminal Hacks . | . . . Fabricator Hacks . | . . . Repair Station Hacks . | . . . Recycling Unit Hacks . | . . . Scanalyzer . | . . . Garrison Access Hacks . | . . . Unauthorized Hacks 1 | . 1 . Terminals . | . . . Fabricators . | . . . Repair Stations . | . . . Recycling Units 1 | . 1 . Monitor 1 | . 1 . Scanalyzers . | . . . Garrison Access . | . . . Data Cores Recovered . | . . . Used . | . . . Hacking Detections 2 | . 2 . Full Trace Events . | . . . Feedback Events . | . . . Feedback Blocked . | . . . Robot Schematics Acquired . | . . . Robots Built . | . . . Authchips . | . . . Time . | . . . Total Robot Build Rating . | . . . Part Schematics Acquired . | . . . Parts Built . | . . . Authchips . | . . . Time . | . . . Total Part Build Rating . | . . . Parts Repaired . | . . . Time . | . . . Parts Recycled . | . . . Recycled Matter . | . . . Retrieved Matter . | . . . Retrieved Components . | . . . Parts Scanalyzed . | . . . Part Schematics Acquired . | . . . Parts Damaged . | . . . Bothacking | -11 -10 -10 ------------ Run | Yrd Mat Min Used RIF Installer . | . . . Robots Hacked . | . . . Non-combat . | . . . Combat . | . . . Robot Hacks Applied . | . . . Relay Couplers Released . | . . . Fabnet Peak Effective % . | . . . Robots Rewired . | . . . Allies Hacked . | . . . Hacks Repelled . | . . . Allies | -11 -10 -10 -------- Run | Yrd Mat Min Total Allies . | . . . Largest Group . | . . . Highest-Rated Group . | . . . Highest-Rated Ally . | . . . Total Orders . | . . . Ally Attacks . | . . . Total Damage . | . . . Kills . | . . . Allies Corrupted . | . . . Allies Melted . | . . . Intel | -11 -10 -10 ------- Run | Yrd Mat Min Robot Analysis Total . | . . . Derelict Logs Recovered 1 | . . 1 Drone Launches . | . . . Drone Recoveries . | . . . Exploration | -11 -10 -10 ------------- Run | Yrd Mat Min Turns Passed 507 | 96 299 112 Spaces Moved 347 | 64 223 60 Core 4 | 4 . . Treads . | . . . Legs 4 | . . 4 Wheels 339 | 60 223 56 Hover . | . . . Flight . | . . . Fastest Speed 50 | 50 80 105 Average Speed 94 | 85 91 115 Slowest Speed 260 | 100 105 260 Overloaded Moves . | . . . Propulsion Burnouts . | . . . Robots Hopped . | . . . Cave-ins Triggered . | . . . Exploration Rate (%) 18 | 3 30 22 Regions Visited 2 Branch Regions 1 Pre-discovered Areas . | . . . Known Exits Taken . | . . . Unknown Exits Taken 2 | 1 1 . Scrap Searched 1 | . . 1 Spaces Dug . | . . . Terrain Destroyed 125 | . 49 76 Melee . | . . . Projectile . | . . . AOE 125 | . 49 76 Terrain Rammed . | . . . Walls Destroyed . | . . . Machines Disabled . | . . . Actions | -11 -10 -10 --------- Run | Yrd Mat Min Total 459 | 85 285 89 Wait 29 | . 20 9 Move 345 | 63 222 60 Hop . | . . . Pick Up 13 | 4 7 2 Fast Attach 9 | 7 2 . Attach 4 | 1 1 2 Detach 2 | 1 1 . Swap 11 | 1 8 2 Drop 6 | . 3 3 Fire 40 | 8 21 11 Melee . | . . . Ram . | . . . Kick . | . . . Crush . | . . . Escape Stasis . | . . . Rewire . | . . . Trap . | . . . Miscellaneous . | . . . Route ------- -11/Scrapyard -10/Materials -10/Mines History --------- Turn | Location | Event 25 | -11/Scrapyard | Discovered new exit (range 16) 97 | -11/Scrapyard | Entered Materials 300 | -10/Materials | Build established: Mutant 370 | -10/Materials | Discovered new exit (range 16) 396 | -10/Materials | Entered Mines 416 | -10/Mines | Met a Derelict bent on vengeance 470 | -10/Mines | Assembled infested the area 475 | -10/Mines | Assisted by a Guerilla fighting off Assembled 477 | -10/Mines | Learned Materials terminal intel 502 | -10/Mines | Core integrity fell below 50% 506 | -10/Mines | Core integrity fell below 20% 508 | -10/Mines | Destroyed by D-53 Grenadier with Mini Grenade Launcher Last Messages --------------- 00488_ as-01048 destroyed. 00490_ as-43350 destroyed. 00491_ The unstable cave ceiling collapses. 00491_ Com. Wheel destroyed. 00492_ as-25961 destroyed. 00492_ as-22014 destroyed. 00492_ as-79240 destroyed. 00492_ Destroyed Asb. Hover Unit. 00494_ Ion Engine destroyed. 00494_ as-83602 destroyed. 00496_ C-30 ARC bursts open, deploying its payload. 00496_ D-53 Grenadier unfolds itself. 00501_ The unstable cave ceiling collapses. 00503_ Rocket Launcher destroyed. 00504_ U-05 Engineer lays Concrete. 00506_ The unstable cave ceiling collapses. 00506_ as-12419 destroyed. 00506_ U-05 Engineer builds a Wall. 00507_ The unstable cave ceiling collapses. 00507_ Seismic Survey Station disabled. Map ----- +----------------------------------------------------+ | ???????????????????????????????????????????? | | ???????????????????????????????????????????? | | ???????????????????????????????????????????? | | ???????????????????????????????????????????? | | ???????????????????????????????????????????? | | ???????????????????????????????????????????? | | ???????????????????????????????????????????? | | ???????????????????????????????????????????? | | ???????????????????????????????????????????? | | ???????????????????????????????????????????? | | ???????????????????????????????????????????? | | ???????????????????????????????????????????? | | ?????????????????????????????# ??????????? | | ???????????????????????????##% ????????? | | ??????????????????????? ??? ??????? | | ?????????????????????????? % < ??????? | | ??????????????????????????# #??????? | | ??????????????????????#??# #???????? | | ????????????????????###### #???????? | | ???????????????????## # #?#?????? | | ????????????????????#""" #???????? | | ???????????????????##""" ##???????? | | ????????????????????#" #????????? | | ?????????????#??????# #????????? | | ????????????????????# ##???????? | | ????????????????????# @ ##????????? | | ????????????????????### #????????? | | ???????????????#????#?# #????????? | | ??????????????????????# d #????????? | | ??????????????????????# ##????????? | | ??????????????????????### #?????????? | | ???????????????#????????# d #????????#? | | ??????????????????#?##### u# #?????????? | | ????????????????????# #######?????????? | | ?????????????????#### " #????????#??????? | | ???????????????#?# "%#####?????????????#?? | | ?????????????????# ## #??????????????#????? | | ?????????????????#??# #???????????????????? | | ????????????????????# #???????????????????? | | ???????????????????## ###?????????????????? | | ???????????#????????# ##????????????????? | | ????????????????#???## ###??????????????? | | ????????????????# ### #??????????????? | | ????????????????# #??????#???????? | | ????????????????#### #??????????????? | | ??????????????????### ####??????????????? | | ????????????????????## [#####?????????????? | | ?????????????????????## ##????????????? | | ?????????????????????### #????????????? | | ??????????????????????## #??????###???? | +----------------------------------------------------+ Best States ------------- Heat Dissipation 25 Energy Generation 10 Energy Capacity 250 Matter Stores 300 Matter Capacity 300 Sight Range 16 Terrain Scan Range 16 Terrain Scan Density 10 Evasion (%) 44 Item Schematics ----------------- None Robot Schematics ------------------ None Fabricated ------------ Nothing Alien Tech Used ----------------- None Achievements -------------- None Challenges ------------ None Game ------ Seed AngularEfficiencyReactor Manual? 0 Play Time 00:10:14 Cumulative 144.4 hours Start 2024.06.16 @ 15:39:57 End 2024.06.16 @ 15:48:04 Sessions 1 Manual Loads 0 Difficulty Rogue Special Mode None Game No. 149 Rogue 149 Adventurer 0 Explorer 0 Win Type - Total 0 Types 0/0/0/0/0/0/0/0/0 Lore% 28 Gallery% 56 Achievement% 36 Wizard Run 0 Options --------- Layout 0 ASCII 0 Keyboard 1 Movement Vi Keybinds 0 Fullscreen 2 Font 36/Smallcaps Map View 76x50 Zoom Use 0% Tactical HUD 1 Map Filters NONE Filters NONE Steam 1 RUN: 0f3330c6-a110-4c9a-8e08-cc3f59df0925